 Dungeon Crawl Stone Soup version 0.24-a0-93-ge1bfdf8 (console) character file.

Game seed: 15874082778693610572

119 Duffy the Firebug (level 5, 36/42 HPs)
             Began as a Naga Fire Elementalist on Feb 11, 2019.
             Quit the game on level 4 of the Dungeon.
             The game lasted 00:01:20 (881 turns).

Duffy the Firebug (Naga Fire Elementalist)           Turns: 881, Time: 00:01:20

Health: 36/42      AC:  2    Str: 11    XL:     5   Next: 3%
Magic:  3/9        EV: 10    Int: 16    God:
Gold:   63         SH:  0    Dex: 11    Spells: 5/9 levels left

rFire    x . .     SeeInvis +   c - 3 rations
rCold    + . .     Gourm    .   (no shield)
rNeg     . . .     Faith    .   a - +0 robe
rPois    +         Spirit   .   (no helmet)
rElec    .         Reflect  .   (no cloak)
rCorr    .         Harm     .   (no gloves)
MR       .....                  (no barding)
Stlth    ++........             (no amulet)
HPRegen  0.14/turn              l - ring of ice
MPRegen  0.11/turn              (no ring)

@: very slow
A: large, see invisible, deformed body, poison resistance, slowness 2, slow
metabolism 1, spit poison 1, AC +1
a: Spit Poison


You were on level 4 of the Dungeon.
You were not hungry.

You visited 1 branch of the dungeon, and saw 4 of its levels.

You collected 63 gold pieces.

Inventory:

Armour
 a - a +0 robe (worn)
Jewellery
 l - a ring of ice (left hand)
Wands
 j - a wand of random effects (14)
Scrolls
 d - a scroll of fog {unknown}
 e - a scroll of teleportation {unknown}
 h - a scroll of blinking {unknown}
 i - a scroll of enchant weapon {unknown}
 k - a scroll of identify {unknown}
Potions
 b - 2 potions of flight {unknown}
 f - a potion of might {unknown}
Comestibles
 c - 3 rations (in hand)
 g - 2 chunks of flesh


   Skills:
 - Level 1.5 Dodging
 - Level 3.0 Stealth
 + Level 2.6 Spellcasting
 + Level 3.6 Conjurations
 + Level 3.6 Fire Magic


You had 5 spell levels left.
You knew the following spells:

 Your Spells              Type           Power        Failure   Level  Hunger
h - Flame Tongue          Conj/Fire      ##...        4%          1    #......
l - Conjure Flame         Conj/Fire      ##......     13%         3    ###....

Your spell library contained the following spells:

 Spells                   Type           Power        Failure   Level  Hunger
 Throw Flame              Conj/Fire      ##....       7%          2    ##.....
 Inner Flame              Hex/Fire       #.......     28%         3    ###....
 Sticky Flame             Conj/Fire      ##......     41%         4    #####..
 Fireball                 Conj/Fire      ##........   77%         5    ######.


Dungeon Overview and Level Annotations

Branches:
Dungeon (4/15)
 Temple: D:4-7

Altars:
Xom

Shops:
D:4 %


Innate Abilities, Weirdness & Mutations

You cannot wear boots.
Your serpentine skin is tough. (AC +1)
You have supernaturally acute eyesight. (SInv)
Armour fits poorly on your strangely shaped body.
Your system is resistant to poisons. (rPois)
You cover ground very slowly.
You have a slow metabolism.
You can spit poison.


Message History

Press: ? - help, Shift-Dir - straight line, f/p - scorpion
Aim: a scorpion (severely wounded, poisoned)
The flame tongue hits the scorpion.
The scorpion is severely wounded.
The scorpion stings you.
Cast which spell? (? or * to list)
Aiming: Flame Tongue (safe; 4% risk of failure)
Press: ? - help, Shift-Dir - straight line, f/p - scorpion
Aim: a scorpion (almost dead, poisoned)
The flame tongue hits the scorpion.
You kill the scorpion!
You have reached level 5!
l - a gilded ring You see here a scorpion corpse.
Put on which piece of jewellery? (? for menu, Esc to quit)
That's the wrong kind of item! (Use * to select it.) Put on which piece of jewellery? (? for menu, Esc to quit)
You feel more attuned to ice.
l - a ring of ice (left hand) Are you sure you want to abandon this character and quit the game? (Confirm with "yes".)

#. . .### ..$ #.#
#.. . ).. #.# ..
#.# #.# ..S #.#
#@# .... ##.##
##.#
a....##...####..#
..............\.#
..##<..#######
##.##
%..............
..####.######..
#.


There were no monsters in sight!

Vanquished Creatures
  A scorpion (D:4)
  A hound (D:4)
  An adder (D:2)
  A worm (D:2)
  2 dart slugs (D:2)
  2 giant cockroaches
  5 goblins
  3 hobgoblins
  2 bats (D:2)
  4 frilled lizards (D:2)
  2 kobolds (D:2)
  4 rats
28 creatures vanquished.

Notes
Turn   | Place    | Note
-------+----------+-------------------------------------------
     0 | D:1      | Duffy the Naga Fire Elementalist began the quest for the
                  | Orb.
     0 | D:1      | Reached XP level 1. HP: 15/15 MP: 3/3
   325 | D:2      | Reached XP level 2. HP: 22/22 MP: 5/5
   561 | D:2      | Reached XP level 3. HP: 25/28 MP: 2/6
   692 | D:2      | Found a shimmering altar of Xom.
   796 | D:2      | Learned a level 3 spell: Conjure Flame
   822 | D:4      | Found Imimenuw's Food Boutique.
   828 | D:4      | Reached XP level 4. HP: 33/36 MP: 3/7
   877 | D:4      | Reached XP level 5. HP: 36/42 MP: 3/9
   881 | D:4      | Quit the game

Levels and vault maps discovered:
D:1:      beargit_arrival_greenhouse, layout_loops_corners
D:2:      minmay_inner_zag, layout_rooms, xom_teletrap_fun, first_ration
D:3:      minmay_roachtagon, layout_loops_corners, marbit_many_paths,
          hellmonk_ghost_happy_afterlife
D:4:      layout_loops_ring, serial_shops, shop, fedhas_bush_and_centaur_altar

Skill      XL: |  1  2  3 |
---------------+----------+-----
Conjurations   | 2 3 |  3.6
Dodging        | |  1.5
Stealth        | |  3.0
Spellcasting   | |  2.6
Fire Magic     | |  3.6

Action                   |  1- 3 |  4- 6 || total
-------------------------+-------+-------++-------
 Cast: Flame Tongue      |    38 |     5 ||    43
 Abil: Spit Poison       |    12 |     1 ||    13
Evoke: Wand              |     1 |       ||     1
  Eat: Chunk             |       |     1 ||     1
Armor: Robe              |     4 |     1 ||     5
Dodge: Dodged            |    13 |     1 ||    14

Table legend:
 A = Non-vault XP
 B = Vault XP
 C = Vault XP percentage of total XP
 D = Non-vault monster count
 E = Vault monster count
 F = Vault count percentage of total count
                 A         B        C        D         E       F
            +---------+---------+-------+---------+---------+-------
      Total |     158 |      13 |   7.6 |      20 |       8 |  28.6
            +---------+---------+-------+---------+---------+-------
        D:1 |       7 |       0 |   0.0 |       4 |       0 |   0.0
        D:2 |      37 |      13 |  26.0 |      13 |       8 |  38.1
        D:3 |       1 |       0 |   0.0 |       1 |       0 |   0.0
        D:4 |     113 |       0 |   0.0 |       2 |       0 |   0.0
            +---------+---------+-------+---------+---------+-------
